 Dungeon Crawl Stone Soup version 0.29-a0-275-g389c0b56f3 (webtiles) character file.

Game seed: 1307487669717579430

21 spaghetti the Bolt Thrower (level 2, 23/26 HPs)
             Began as a Deep Dwarf Hunter on Mar 10, 2022.
             Quit the game on level 1 of the Dungeon.
             The game lasted 00:01:39 (327 turns).

spaghetti the Bolt Thrower (Deep Dwarf Hunter)       Turns: 327, Time: 00:01:39

Health: 23/26      AC:  3    Str: 15    XL:     2   Next: 62%
Magic:  2/2        EV: 12    Int: 11    God:
Gold:   12         SH:  0    Dex: 13    Spells: 1/1 levels left

rFire   . . .      SeeInvis .   a - +1 hand crossbow {crossbow}
rCold   . . .      Faith    .   (no shield)
rNeg    . . .      Spirit   .   b - +0 leather armour
rPois   .          Reflect  .   (no helmet)
rElec   .          Harm     .   (no cloak)
rCorr   .          Rampage  .   (no gloves)
Will    .....                   (no boots)
Stlth   +.........              (no amulet)
HPRegen 0.00/turn               (no ring)
MPRegen 0.08/turn               (no ring)

@: no status effects
A: damage resistance, heal wounds, sense surroundings 1, no regeneration
a: Heal Wounds


You were on level 1 of the Dungeon.
You visited 1 branch of the dungeon, and saw 1 of its levels.

You collected 12 gold pieces.


Innate Abilities, Weirdness & Mutations

You are resistant to damage.
You can heal yourself by infusing magical energy.
You passively map a small area around you.
You do not regenerate.


   Skills:
 - Level 1.7 Fighting
 + Level 5.3 Crossbows
 - Level 2.1 Dodging
 - Level 1.2 Stealth


You had one spell level left.
You didn't know any spells.
Your spell library was empty.

Inventory:

Hand Weapons
 a - a +1 hand crossbow (weapon) {crossbow}
Missiles
 d - 20 stones {throwing}
Armour
 b - a +0 leather armour (worn)
Scrolls
 c - a scroll of immolation {!r!r}
 f - a scroll of fear {unknown}
Potions
 e - 2 potions of curing {unknown}

Dungeon Overview and Level Annotations

Branches:
Dungeon (1/15)

Altars:

.# #......#♣♣.♣........###...†..#
.###.................#)# ####†..#
.........##.^..####♣.♣.♣#♣###...#
.###.###.#####.### #.......#...†#
.#...# #...###...##♣.....♣...#..#
...### ###...............####.P..
#### * ######....♣.....♣....♣..
...♣ * , .....###..#.....##..♣.P.
##♣♣ , * ***#...@†.♣.♣.♣.♣..♣♣♣♣.
,, #####g########...P♣♣. * *, ,
,* #..# #..P...P ,, * ##..#
####P.P. #..# ##### . , #..# # ♣♣
* ...# * #..,


You could see a goblin.


Message History

You kill the jackal!
A jackal comes into view.
You shoot a bolt. The bolt closely misses the jackal.
The jackal barks!
You shoot a bolt.
The bolt hits the jackal but does no damage.
The jackal closely misses you.
The jackal bites you but does no damage.
You shoot a bolt. The bolt hits the jackal.
The jackal barely misses you. x2
You shoot a bolt. The bolt hits the jackal.
You kill the jackal!
The jackal bites you but does no damage.
You shoot a bolt. The bolt hits the jackal.
The jackal barely misses you.
You shoot a bolt. The bolt hits the jackal.
The jackal bites you but does no damage. x2
You shoot a bolt.
The bolt hits the jackal but does no damage.
The jackal bites you. The jackal barely misses you.
You shoot a bolt.
The bolt hits the jackal but does no damage.
The jackal bites you. The jackal closely misses you.
You shoot a bolt. The bolt completely misses the jackal.
The jackal bites you but does no damage.
The jackal bites you.
You shoot a bolt. The bolt hits the jackal!
You kill the jackal!
No target in view!
You see here a jackal corpse.
You see here a jackal corpse.
Key pressed, stopping explore.
Key pressed, stopping explore.
A frilled lizard comes into view.
A frilled lizard is nearby!
You shoot a bolt. The bolt hits the frilled lizard.
The frilled lizard hisses angrily.
You shoot a bolt.
The bolt barely misses the frilled lizard.
The frilled lizard completely misses you.
You shoot a bolt. The bolt hits the frilled lizard.
You kill the frilled lizard!
A goblin comes into view. It is wielding a +0 club.
A goblin is nearby!
A goblin is nearby!
A goblin is nearby!
You shoot a bolt.
The bolt hits the goblin but does no damage.
The goblin shouts!
A giant cockroach comes into view.
You shoot a bolt. The bolt completely misses the goblin.
You shoot a bolt. The bolt barely misses the goblin.
You shoot a bolt.
The bolt barely misses the giant cockroach.
A giant cockroach comes into view.
The giant cockroach moves out of view.
You shoot a bolt.
The bolt closely misses the giant cockroach.
The giant cockroach barely misses you.
You shoot a bolt.
The bolt closely misses the giant cockroach.
The giant cockroach bites you but does no damage.
You shoot a bolt.
The bolt barely misses the giant cockroach.
The giant cockroach closely misses you. x2
You shoot a bolt.
The bolt closely misses the giant cockroach.
The giant cockroach bites you but does no damage.
You shoot a bolt.
The bolt hits the giant cockroach but does no damage.
The giant cockroach barely misses you. The giant cockroach bites you.
You shoot a bolt. The bolt hits the giant cockroach.
You kill the giant cockroach!
A goblin is nearby!
A goblin is nearby!
You shoot a bolt. The bolt closely misses the goblin.
The goblin barely misses you.
You shoot a bolt. The bolt closely misses the goblin.
The goblin hits you with a +0 club. The goblin barely misses you.
You are too injured to fight recklessly!
You are too injured to fight recklessly! 😮 HP[-2]
You take 2 damage, and now have 19/26 hp.
You are too injured to fight recklessly!
You are too injured to fight recklessly!
You are too injured to fight recklessly!
You are too injured to fight recklessly!
You are too injured to fight recklessly!
You are too injured to fight recklessly!
You are too injured to fight recklessly!
You are too injured to fight recklessly!
You are too injured to fight recklessly!
A goblin is nearby!
A goblin is nearby!
A goblin is nearby!
Activating: Heal Wounds (30% risk of failure)
Press: ? - help, Q - select action, (/) - cycle Dir - look around, f - activate You feel much better.
The goblin hits you with a +0 club. 😕 HP[+4]
You regained 4 hp, and now have 23/26 hp.
Are you sure you want to abandon this character and quit the game? (Confirm with "yes".)

Skill      XL: |  1  2 |
---------------+-------+-----
Crossbows      | 5 |  5.3
Fighting       | |  1.7
Dodging        | |  2.1
Stealth        | |  1.2

Action                   || total
-------------------------++-------
 Fire: Hand crossbow     ||    67
 Abil: Heal Wounds       ||     1
Armor: Leather armour    ||    12
Dodge: Dodged            ||    21

Levels and vault maps discovered:
D:1:      lightli_arrival_flooded_house, layout_rooms, serial_forest,
          infiniplex_forest_clump_double, infiniplex_forest_corner_1,
          infiniplex_forest_clump_long, infiniplex_forest_join,
          infiniplex_forest_straight_2, infiniplex_forest_straight_3,
          infiniplex_forest_lined_room_2, infiniplex_forest_zigzag_1,
          infiniplex_forest_end_double, serial_bayou_pond_a

Notes
Turn   | Place    | Note
-------+----------+-------------------------------------------
     0 | D:1      | spaghetti the Deep Dwarf Hunter began the quest for the
                  | Orb.
     0 | D:1      | Reached XP level 1. HP: 19/19 MP: 1/1
     0 | D:1      | magus.rc [v1.9.6]
   131 | D:1      | Reached XP level 2. HP: 21/26 MP: 2/2
   167 | D:1      | Reached skill level 5 in Crossbows
   327 | D:1      | Quit the game

Vanquished Creatures
  2 bats (D:1)
  2 endoplasms (D:1)
  A giant cockroach (D:1)
  2 goblins (D:1)
  A hobgoblin (D:1)
  3 jackals (D:1)
  A quokka (D:1)
  4 ball pythons (D:1)
  A frilled lizard (D:1)
  A kobold (D:1)
18 creatures vanquished.

Table legend:
 A = Non-vault XP
 B = Vault XP
 C = Vault XP percentage of total XP
 D = Non-vault monster count
 E = Vault monster count
 F = Vault count percentage of total count
                 A         B        C        D         E       F
            +---------+---------+-------+---------+---------+-------
      Total |      30 |       0 |   0.0 |      18 |       0 |   0.0
            +---------+---------+-------+---------+---------+-------
        D:1 |      30 |       0 |   0.0 |      18 |       0 |   0.0
            +---------+---------+-------+---------+---------+-------

Illustrated notes

Table legend:
 A = Kills in this place as a percentage of kills in entire the game.
 B = Kills by you in this place as a percentage of kills by you in the entire game.
 C = Kills by friends in this place as a percentage of kills by friends in the entire game.
 D = Other kills in this place as a percentage of other kills in the entire game.
 E = Experience gained in this place as a percentage of experience gained in the entire game.
 F = Experience gained in this place divided by the number of levels of this place that you have seen.
                   A       B       C       D       E      F
               +-------+-------+-------+-------+-------+----------------------
         Total | 100.0 | 100.0 |   N/A |   N/A | 100.0 |  30.0
       Dungeon | 100.0 | 100.0 |   N/A |   N/A | 100.0 |  30.0
               +-------+-------+-------+-------+-------+----------------------

Table legend: (Time is in decaauts)
 A = Elapsed time spent in this place.
 B = Non-inter-level travel time spent in this place.
 C = Inter-level travel time spent in this place.
 D = Time resting spent in this place.
 E = Time spent auto-exploring this place.
 F = Levels seen in this place.
 G = Mean time per level.
                   A        B        C        D        E       F      G
               +--------+--------+--------+--------+--------+-----+--------+
         Total |    347 |    347 |      0 |      0 |    238 |   1 |  347.0 |
       Dungeon |    347 |    347 |      0 |      0 |    238 |   1 |  347.0 |
               +--------+--------+--------+--------+--------+-----+--------+

Top non-repeatable levels by time:
     D:1: 347 daAuts
